 Dungeon Crawl Stone Soup version 0.30-a0-748-ge6a52f7cba (webtiles) character file.

Game seed: 15493616889461300747

21186 oldmanjim the Skirmisher (level 12, -4/113 HPs)
             Began as a Minotaur Hunter on Feb 8, 2023.
             Was a High Priest of Okawaru.
             Slain by a vampire (12 damage)
             ... on level 10 of the Dungeon.
             The game lasted 00:52:11 (9460 turns).

oldmanjim the Skirmisher (Minotaur Hunter)          Turns: 9460, Time: 00:52:12

Health: -4/113     AC:  6    Str: 17    XL:     12   Next: 52%
Magic:  15/15      EV: 21    Int: 12    God:    Okawaru [*****.]
Gold:   924        SH:  0    Dex: 18    Spells: 11/11 levels left

rFire   . . .      SeeInvis .    R - +2 long sword (heavy)
rCold   . . .      Faith    .    (no shield)
rNeg    . . .      Spirit   .    s - +0 troll leather armour {Pargi}
rPois   .          Reflect  .    (helmet restricted)
rElec   .          Harm     .    (no cloak)
rCorr   .          Rampage  .    H - +0 pair of gloves
Will    .....                    (no boots)
Stlth   ++                       (no amulet)
HPRegen 1.18/turn                n - +5 ring of evasion
MPRegen 0.14/turn                g - +6 ring of intelligence

@: no status effects
A: horns 2, retaliatory headbutt
a: Renounce Religion, Heroism, Finesse, Duel


You were on level 10 of the Dungeon.
You worshipped Okawaru.
Okawaru was extremely pleased with you.
You visited 2 branches of the dungeon, and saw 11 of its levels.
You also visited: Sewer and Bailey.

You collected 924 gold pieces.

Inventory:

Hand Weapons
 a - a +2 shortbow of draining
 b - a +1 halberd of protection
 E - a +2 dagger of venom
 R - a +2 heavy long sword (weapon)
Missiles
 d - 3 datura-tipped darts
 f - 11 boomerangs
 l - a throwing net
 m - 5 stones
 q - 38 poisoned darts
 G - an atropa-tipped dart
 K - a silver boomerang
 U - 6 javelins
Armour
 s - a +0 troll leather armour (worn) {Pargi}
 H - a +0 pair of gloves (worn)
 S - +0 acid dragon scales
Jewellery
 g - a +6 ring of intelligence (right hand)
 n - a +5 ring of evasion (left hand)
Wands
 t - a wand of polymorph (20)
 L - a wand of flame (13)
 M - a wand of roots (13)
Scrolls
 h - a scroll of fog
 i - a scroll of torment
 k - 3 scrolls of magic mapping
 o - a scroll of immolation
 v - 2 scrolls of fear {unknown}
 x - a scroll of enchant weapon
 y - 2 scrolls of amnesia
 C - 4 scrolls of blinking
 O - a scroll of vulnerability {unknown}
 P - a scroll of brand weapon {unknown}
 Q - 2 scrolls of enchant armour
Potions
 c - 5 potions of flight {unknown}
 e - 5 potions of might {unknown}
 j - 2 potions of lignification {unknown}
 p - 2 potions of magic {unknown}
 r - 2 potions of mutation {unknown}
 u - a potion of resistance {unknown}
 w - 4 potions of berserk rage {unknown}
 z - 3 potions of brilliance {unknown}
 A - 4 potions of heal wounds {unknown}
 B - 3 potions of degeneration {unknown}
 D - 2 potions of attraction {unknown}
 F - 2 potions of invisibility {unknown}
 I - 2 potions of cancellation {unknown}
 J - 5 potions of haste {unknown}
 N - a potion of ambrosia {unknown}
 T - 3 potions of curing {unknown}


   Skills:
 + Level 12.4 Fighting
 + Level 4.0 Long Blades
 + Level 14.9 Ranged Weapons
 - Level 5.0 Armour
 + Level 8.3 Dodging
 - Level 0.7 Stealth
 + Level 6.1 Invocations
 - Level 3.0 Evocations


You had 11 spell levels left.
You didn't know any spells.
Your spell library contained the following spells:

 Spells                   Type           Power      Damage    Failure   Level
 Kiss of Death            Conj/Necr      0%         2d5       36%         1
 Magic Dart               Conj           0%         1d3       36%         1
 Ensorcelled Hibernation  Hex/Ice        0%         N/A       52%         2
 Searing Ray              Conj           0%         2d4       52%         2
 Confusing Touch          Hex            0%         N/A       75%         3
 Inner Flame              Hex/Fire       0%         N/A       75%         3
 Spider Form              Tmut/Pois      0%         N/A       75%         3
 Anguish                  Hex/Necr       0%         N/A       98%         4
 Cause Fear               Hex            0%         N/A       98%         4
 Dispel Undead            Necr           0%         3d6       98%         4
 Flame Wave               Conj/Fire      0%         2d4       98%         4
 Fulminant Prism          Conj/Hex       0%         3d5       98%         4
 Sticky Flame             Conj/Fire      0%         2d3       98%         4
 Dragon Form              Tmut           0%         N/A       100%        7
 Orb of Destruction       Conj           0%         9d5       100%        7
 Summon Guardian Golem    Hex/Summ       Unusable   N/A       N/A         3
 Spellforged Servitor     Conj/Summ      Unusable   N/A       N/A         7
 Dragon's Call            Summ           Unusable   N/A       N/A         9

Dungeon Overview and Level Annotations

Branches:
Dungeon (10/15)            Temple (1/1) D:7           Sewer (visited)
 Bailey (visited)
   Lair: D:8-11         Orc: D:9-12

Altars:
Ashenzari
Cheibriados
Dithmenos
Elyvilon
Fedhas
Gozag
Hepliaklqana
Kikubaaqudgha
Makhleb
Nemelex Xobeh
Okawaru
Qazlal
Ru
Sif Muna
Trog
Uskayaw
Vehumet
Wu Jian
Xom
Yredelemnul
Zin
The Shining One

Shops:
D:1 :

Annotations:
D:6 Edmund
D:9 3 runed translucent doors, exclusion: 3 doors, hikkokomori's ghost, journeyman VSBr


Innate Abilities, Weirdness & Mutations

You have a pair of horns on your head.
You reflexively headbutt those who attack you in melee.


Message History

Something draws strength from your injuries!
You miss something. Something barely misses you.
Something bites you but does no damage. The steam dragon misses you.
You furiously retaliate!
You headbutt the steam dragon. The steam dragon closely misses you.
The steam dragon barely misses you. The steam dragon completely misses you.
Something hits you! Something bites you.
Something draws strength from your injuries!
You hit something. Something barely misses you. Something bites you.
Something draws strength from your injuries!
The steam dragon barely misses you. The steam dragon misses you. x2
The steam dragon closely misses you. Something barely misses you.
Something bites you!
Something draws strength from your injuries!
You barely miss something.
You hear some strange, mumbled words.
Something tries to affect you, but you resist.
The steam dragon misses you. You furiously retaliate!
You headbutt the steam dragon. The steam dragon barely misses you.
The steam dragon completely misses you. The steam dragon closely misses you.
Something barely misses you. Something closely misses you.
You slash something! Something hits you but does no damage.
Something bites you but does no damage. The steam dragon barely misses you. x2
You slash something! Something hits you. Something bites you!
* * * LOW HITPOINT WARNING * * *
Something draws strength from your injuries!
The steam dragon completely misses you. x2
The steam dragon breathes steam at you. The ball of steam misses you.
Something barely misses you. Something closely misses you.
You hear a shout!
You hit something but do no damage.
You are engulfed in a cloud of scalding steam.
* * * LOW HITPOINT WARNING * * *
A vampire appears from thin air!
Reactivating autopickup.
The vampire hits you.
* * * LOW HITPOINT WARNING * * *
The vampire bites you!
You die...

## ##........##... #
#............# #
##..........# ##
##.......[## ##...
##.......## ####.....
##.......###........
###..............#
##.#.....D...# ####
#.>.....@V####.....
##......ยง##.........
#......###..........
##...######..........
##..### #...........
##..## #...........
#..## #...........
#..# #...........
#### ##..........


You could see a vampire and a steam dragon (catching breath).

Vanquished Creatures
  An orc warlord (Bailey)
  A two-headed ogre (D:8)
  An orc knight (Bailey)
  Maggie (D:8)
  An unseen horror (D:10)
  Psyche (D:8)
  A shadow (D:10)
  26 yaks
  2 steam dragons
  Menkaure (D:6)
  3 vampire mosquitoes (D:10)
  An acid dragon (D:7)
  5 water moccasins (D:7)
  Pargi (Sewer)
  5 black bears
  4 orc warriors
  2 sky beasts
  2 ice beasts
  An ogre (D:5)
  5 centaurs
  3 phantoms
  2 kobold brigands
  Blork the orc (D:6)
  4 bullfrogs
  A scorpion (D:5)
  2 gnoll sergeants
  7 killer bees (D:9)
  7 howler monkeys
  3 jellies
  3 orc priests
  5 hounds
  3 gnoll boudas
  3 iguanas
  Natasha (D:4)
  10 orc wizards
  21 gnolls
  A river rat (D:3)
  9 adders
  2 shadow imps
  2 white imps
  An ufetubus (D:5)
  6 worms
  A dart slug (D:1)
  12 orcs
  3 bats
  8 endoplasms
  3 giant cockroaches
  12 goblins
  6 hobgoblins
  8 jackals
  7 quokkas
  6 ball pythons
  5 frilled lizards
  26 kobolds
  6 rats
265 creatures vanquished.

Vanquished Creatures (others)
  3 plants (D:9)
3 creatures vanquished.

Grand Total: 268 creatures vanquished

Notes
Turn   | Place    | Note
-------+----------+-------------------------------------------
     0 | D:1      | oldmanjim the Minotaur Hunter began the quest for the Orb.
     0 | D:1      | Reached XP level 1. HP: 18/18 MP: 0/0
   242 | D:1      | Reached XP level 2. HP: 25/25 MP: 1/1
   271 | D:1      | Found Bossok's Book Boutique.
  1133 | D:2      | Reached XP level 3. HP: 24/31 MP: 2/2
  1770 | D:3      | HP: 1/31 [gnoll/+0 spear (2)]
  1773 | D:3      | Reached skill level 5 in Ranged Weapons
  1846 | D:3      | Reached XP level 4. HP: 15/38 MP: 3/3
  2039 | D:3      | Found a glowing drain.
  2043 | Sewer    | Entered a sewer
  2100 | Sewer    | Noticed Pargi
  2109 | Sewer    | Killed Pargi
  2110 | Sewer    | Reached XP level 5. HP: 33/47 MP: 4/4
  3075 | D:4      | Reached XP level 6. HP: 44/53 MP: 5/5
  3324 | D:4      | Reached skill level 1 in Armour
  3392 | D:4      | Noticed Natasha
  3396 | D:4      | Killed Natasha
  3397 | D:4      | Reached skill level 5 in Fighting
  3598 | D:4      | Reached skill level 6 in Ranged Weapons
  3749 | D:5      | Entered Level 5 of the Dungeon
  3751 | D:5      | Noticed an ice beast
  3765 | D:5      | Killed an ice beast
  3766 | D:5      | Reached XP level 7. HP: 42/61 MP: 6/6
  3975 | D:5      | Reached skill level 5 in Dodging
  4309 | D:5      | Reached XP level 8. HP: 54/70 MP: 7/7
  4390 | D:5      | Reached skill level 7 in Ranged Weapons
  4857 | D:6      | Noticed Menkaure
  4863 | D:6      | Killed Menkaure
  4864 | D:6      | Reached skill level 5 in Armour
  4989 | D:6      | Noticed Blork the orc
  4992 | D:6      | Noticed Edmund
  4998 | D:6      | Killed Blork the orc
  5119 | D:6      | Reached skill level 8 in Ranged Weapons
  5431 | D:6      | Reached XP level 9. HP: 78/81 MP: 8/8
  5518 | D:7      | Reached skill level 1 in Evocations
  5777 | D:7      | Found a white marble altar of Elyvilon.
  5825 | D:7      | Found a staircase to the Ecumenical Temple.
  5833 | Temple   | Entered the Ecumenical Temple
  6222 | Temple   | Became a worshipper of Warmaster Okawaru
  6295 | D:7      | Reached skill level 9 in Ranged Weapons
  6506 | D:7      | Reached * piety under Okawaru
  6582 | D:7      | Reached skill level 10 in Fighting
  6582 | D:7      | Reached skill level 10 in Ranged Weapons
  6786 | D:7      | Reached ** piety under Okawaru
  6787 | D:7      | Reached skill level 1 in Invocations
  6787 | D:7      | Reached XP level 10. HP: 93/93 MP: 9/9
  6972 | D:8      | Noticed a two-headed ogre
  6980 | D:8      | Killed a two-headed ogre
  6980 | D:8      | Reached *** piety under Okawaru
  6980 | D:8      | Received a gift from Okawaru
  6992 | D:8      | Noticed Psyche
  6999 | D:8      | Killed Psyche
  7089 | D:8      | Reached skill level 11 in Ranged Weapons
  7092 | D:8      | Reached **** piety under Okawaru
  7366 | D:8      | Noticed Maggie
  7396 | D:8      | Killed Maggie
  7397 | D:8      | Reached XP level 11. HP: 88/104 MP: 13/13
  7721 | D:9      | Found a runed translucent gate.
  7721 | D:9      | Found a runed translucent gate.
  7721 | D:9      | Found a runed translucent gate.
  7723 | D:9      | Noticed a nine-headed hydra
  7723 | D:9      | Noticed hikkokomori's ghost (journeyman VSBr)
  7723 | D:9      | Noticed a ten-headed hydra
  7747 | D:9      | Reached skill level 5 in Invocations
  7760 | D:9      | Reached skill level 1 in Long Blades
  7831 | D:9      | Found a flagged portal.
  7879 | Bailey   | Entered a bailey
  7897 | Bailey   | Noticed an orc warlord
  7983 | Bailey   | Noticed an orc knight
  8000 | Bailey   | Killed an orc knight
  8073 | Bailey   | Found a runed translucent gate.
  8075 | Bailey   | Found a runed translucent gate.
  8082 | Bailey   | Found a runed translucent gate.
  8237 | Bailey   | Killed an orc warlord
  8237 | Bailey   | Received a gift from Okawaru
  8353 | D:9      | Reached skill level 14 in Ranged Weapons
  8353 | D:9      | Reached XP level 12. HP: 112/112 MP: 15/15
  8531 | D:9      | Reached ***** piety under Okawaru
  8886 | D:10     | Entered Level 10 of the Dungeon
  9304 | D:10     | Received a gift from Okawaru
  9460 | D:10     | Slain by a vampire

Illustrated notes

Levels and vault maps discovered:
D:1:      ncdulo_wetmaze, layout_basic, serial_shops, nicolae_shop_stone,
          chequers_mini_garden
D:2:      layout_basic
D:3:      layout_basic, gup_sewer_entry_spiral
D:4:      minmay_angry_zag, layout_basic, uniq_natasha
D:5:      layout_cave_pools, hangedman_decor_lopped, dreamdust_gnoll_farm
D:6:      layout_loops_ring, uniq_blork_the_orc, uniq_menkaure, uniq_edmund
D:7:      minmay_polygon_palace, layout_rooms, mainiacjoe_overflow_chevrons,
          minmay_temple_entry_tees
D:8:      layout_basic, hangedman_abyss_or_decor_passed, uniq_psyche,
          uniq_maggie
D:9:      layout_basic, enter_bailey_5, gammafunk_ghost_hydra_chop
D:10:     layout_cave_pods, erik_orc_2, chequers_serial_rivers_small_b,
          chequers_serial_rivers_large_b
Temple:   mainiacjoe_temple_trianglar_array

Skill      XL: |  1  2  3  4  5  6  7  8  9 10 11 12 |
---------------+-------------------------------------+-----
Fighting       | 3 4 5 6 8 10 11 12 | 12.4
Dodging        | 3 4 5 7 8 |  8.3
Ranged Weapons | 5 6 8 10 11 14 | 14.9
Armour         | 2 4 5 |  5.0
Evocations     | 3 |  3.0
Invocations    | 1 4 5 6 |  6.1
Long Blades    | 3 4 |  4.0
Stealth        | |  0.7

Action                     |  1- 3 |  4- 6 |  7- 9 | 10-12 || total
---------------------------+-------+-------+-------+-------++-------
  Melee: Halberd           |       |       |     9 |    23 ||    32
         Headbutt          |       |       |     4 |     5 ||     9
         Long sword        |       |       |       |    13 ||    13
         Punch             |       |       |       |     1 ||     1
   Fire: Shortbow          |    92 |   180 |   369 |   407 ||  1048
 Invoke: Heroism           |       |       |       |     1 ||     1
         Finesse           |       |       |       |     1 ||     1
    Use: Scroll            |       |       |     8 |     5 ||    13
         Potion            |       |       |       |     1 ||     1
 Armour: Leather armour    |     6 |     4 |       |       ||    10
         Troll leather arm |       |     1 |    38 |    48 ||    87
  Dodge: Dodged            |    29 |    70 |   282 |   223 ||   604

Table legend: (Time is in decaauts)
 A = Elapsed time spent in this place.
 B = Non-inter-level travel time spent in this place.
 C = Inter-level travel time spent in this place.
 D = Time resting spent in this place.
 E = Time spent auto-exploring this place.
 F = Levels seen in this place.
 G = Mean time per level.
                   A        B        C        D        E       F      G
               +--------+--------+--------+--------+--------+-----+--------+
         Total |   9669 |   9012 |    657 |    208 |   5713 |  13 |  743.8 |
       Dungeon |   8575 |   7974 |    601 |    177 |   5182 |  10 |  857.5 |
        Temple |    420 |    364 |     56 |      0 |    358 |   1 |  420.0 |
         Sewer |    215 |    215 |      0 |     11 |     90 |   1 |  215.0 |
        Bailey |    458 |    458 |      0 |     20 |     82 |   1 |  458.0 |
               +--------+--------+--------+--------+--------+-----+--------+

Top non-repeatable levels by time:
     D:2: 1187 daAuts
     D:1: 995 daAuts
     D:7: 959 daAuts
     D:3: 852 daAuts
     D:8: 846 daAuts
     D:5: 845 daAuts
     D:4: 817 daAuts
     D:6: 731 daAuts
     D:9: 726 daAuts
    D:10: 612 daAuts
  Bailey: 458 daAuts
  Temple: 420 daAuts
   Sewer: 215 daAuts
